 Dungeon Crawl Stone Soup version 0.30-b1-2-g02819fbbbe (webtiles) character file.

Game seed: 2580370029143693281

216 sanka the Slasher (level 5, -1/38 HPs)
             Began as a Vampire Warper on May 16, 2023.
             Slain by a gnoll bouda
             ... wielding a +0 whip
              (5 damage)
             ... on level 3 of the Dungeon.
             The game lasted 00:04:56 (3700 turns).

sanka the Slasher (Vampire Warper)                  Turns: 3700, Time: 00:04:57

Health: -1/38      AC:  4    Str: 10    XL:     5   Next: 61%
Magic:  8/8        EV: 12    Int: 16    God:
Gold:   130        SH:  0    Dex: 15    Spells: 8/8 levels left

rFire   . . .        a - +0 falchion
rCold   . . .        (no shield)
rNeg    . . .        b - +0 leather armour
rPois   .            (no helmet)
rElec   .            (no cloak)
rCorr   .            (no gloves)
SInv    +            s - +0 pair of boots
Will    .....        (no amulet)
Stlth   +            (no ring)
HPRegen 0.46/turn    (no ring)
MPRegen 0.11/turn

%: no passive effects
@: weakened, healing quickly
A: alive, fangs 3, see invisible, vampiric 2
a: Exsanguinate


You were on level 3 of the Dungeon.
You visited 1 branch of the dungeon, and saw 4 of its levels.

You collected 130 gold pieces.

Inventory:

Hand Weapons
 a - a +0 falchion (weapon)
Missiles
 d - 7 boomerangs of dispersal (quivered) {=f}
Armour
 b - a +0 leather armour (worn)
 s - a +0 pair of boots (worn)
Magical Staves
 i - a staff of air
Jewellery
 v - a ring of resist corrosion
Scrolls
 c - 2 scrolls of blinking
 e - 3 scrolls of magic mapping {unknown}
 j - a scroll of brand weapon {unknown}
 k - 2 scrolls of fear {unknown}
 l - 3 scrolls of identify {unknown}
 m - a scroll of fog {unknown}
 p - a scroll of amnesia {unknown}
 r - a scroll of vulnerability {unknown}
Potions
 f - 2 potions of heal wounds {unknown}
 g - 2 potions of resistance {unknown}
 h - a potion of might {unknown}
 n - a potion of haste {@q3}
 o - 2 potions of degeneration {unknown}
 q - 3 potions of curing {unknown}
 t - a potion of berserk rage {unknown}
 u - 2 potions of mutation {unknown}
 w - a potion of brilliance {unknown}


   Skills:
 - Level 2.0 Fighting
 + Level 5.9 Long Blades
 - Level 0.7 Throwing
 - Level 0.7 Armour
 - Level 2.1 Dodging
 - Level 2.0 Spellcasting
 - Level 2.4 Translocations


You had 8 spell levels left.
You didn't know any spells.
Your spell library contained the following spells:

 Spells                   Type           Power      Damage    Failure   Level
 Blink                    Tloc           18%        N/A       16%         2
 Lesser Beckoning         Tloc           18%        N/A       16%         2
 Teleport Other           Tloc           9%         N/A       32%         3
 Ensorcelled Hibernation  Hex/Ice        2%         N/A       38%         2
 Vhi's Electric Charge    Tloc/Air       10%        N/A       45%         3
 Manifold Assault         Tloc           9%         N/A       71%         4
 Olgreb's Toxic Radiance  Pois           1%         N/A       95%         4
 Eringya's Noxious Bog    Tmut/Pois      0%         N/A       100%        6


Dungeon Overview and Level Annotations

Branches:
Dungeon (4/15)
 Temple: D:4-7

Altars:
Cheibriados
Dithmenos
Gozag
Hepliaklqana
Nemelex Xobeh
Qazlal
Uskayaw
Yredelemnul

Annotations:
D:3 6 runed translucent doors, Gobbopathe's ghost, amateur DsCK; t4s4d4r's ghost, amateur DgHu


Innate Abilities, Weirdness & Mutations

Your natural rate of healing is accelerated.
You have razor-sharp teeth.
You have supernaturally acute eyesight. (SInv)
You are afflicted with vampirism and can become a bat while bloodless.


Message History

a +0 club; a +0 whip; a gnoll corpse
There is a stone staircase leading down here.
You climb downwards.
There is a stone staircase leading up here.
Unknown command.
The gnoll bouda hits you with a +0 whip!
You climb upwards.
Level annotation: 6 runed translucent doors, Gobbopathe's ghost, amateur DsCK; t4s4d4r's ghost, amateur DgHu
There is a stone staircase leading down here.
Unknown command.
You barely miss the gnoll bouda.
You bite the gnoll bouda, but do no damage.
The gnoll bouda hits you with a +0 whip.
You barely miss the gnoll bouda. Your bite misses the gnoll bouda.
The gnoll bouda closely misses you.
You barely miss the gnoll bouda.
The gnoll bouda gazes fiercely through you!
You feel your attacks grow feeble.
The gnoll bouda hits you with a +0 whip.
You hit the gnoll bouda but do no damage.
The gnoll bouda closely misses you.
You hit the gnoll bouda but do no damage.
The gnoll bouda gazes fiercely through you!
You feel as though you will be weak longer.
The gnoll bouda hits you with a +0 whip.
You hit the gnoll bouda.
You bite the gnoll bouda, but do no damage.
The gnoll bouda is lightly wounded.
The gnoll bouda hits you with a +0 whip.
You hit the gnoll bouda. Your bite misses the gnoll bouda.
The gnoll bouda is moderately wounded.
The gnoll bouda hits you with a +0 whip!
You closely miss the gnoll bouda.
The gnoll bouda is moderately wounded.
The gnoll bouda hits you with a +0 whip!
* * * LOW HITPOINT WARNING * * *
You hit the gnoll bouda. Your bite misses the gnoll bouda.
The gnoll bouda is heavily wounded.
The gnoll bouda hits you with a +0 whip.
You die...

.#######.# #.###.# .......#.##
#..#..###### .#####....#
##...###.... .#
#..################.## #.##. .#
#.##...#.##..##...#_# #.##. .#
#.'.._....._..'..#### #.##. .#
####...#.##..##.###.# #.... .#
#############.###.# #.### ##
##'## #@g.......# #.### ##...##
#####.##### #.... ##.....##
###.## #.### # ##.......##
##.#..# #.##.
####.........####...#.#######.#..
...'.........'...................
####.........####...#.#######.#..
## ##...)...## ##.##.# #........
.## ##...).## ####.# #.###.##.


You could see a gnoll bouda.

Vanquished Creatures
  A hound (D:4)
  An orc priest (D:4)
  An adder (D:3)
  7 gnolls
  An adder zombie (D:3)
  A worm (D:2)
  2 dart slugs
  5 orcs
  10 ball pythons
  7 endoplasms
  2 giant cockroaches
  2 goblins
  4 hobgoblins
  3 quokkas
  7 bats
  2 frilled lizards
  8 kobolds
  A quokka zombie (D:3)
  7 rats
72 creatures vanquished.

Notes
Turn   | Place    | Note
-------+----------+-------------------------------------------
     0 | D:1      | sanka the Vampire Warper began the quest for the Orb.
     0 | D:1      | Reached XP level 1. HP: 16/16 MP: 3/3
   107 | D:1      | Reached XP level 2. HP: 22/22 MP: 5/5
   316 | D:1      | Reached skill level 3 in Long Blades
   969 | D:2      | Gained mutation: You are afflicted with vampirism and can
                  | become a bat while bloodless. [Vampire growth]
   969 | D:2      | Reached XP level 3. HP: 24/27 MP: 6/6
  1670 | D:3      | Got Sif Muna's Treatise on the Winter and the Assassin
  1854 | D:3      | Found a faded altar of an unknown god.
  2005 | D:3      | Found a runed translucent gate.
  2005 | D:3      | Found a runed translucent gate.
  2007 | D:3      | Found a runed translucent gate.
  2007 | D:3      | Noticed a kobold brigand
  2007 | D:3      | Noticed t4s4d4r's ghost (amateur DgHu)
  2214 | D:3      | Reached skill level 4 in Long Blades
  2229 | D:3      | Found a sparkling altar of Nemelex Xobeh.
  2292 | D:3      | Found a runed translucent gate.
  2292 | D:3      | Found a runed translucent gate.
  2292 | D:3      | Found a runed translucent gate.
  2292 | D:3      | Noticed Gobbopathe's ghost (amateur DsCK)
  2294 | D:3      | Found a basalt altar of Yredelemnul.
  2305 | D:3      | Reached XP level 4. HP: 33/33 MP: 7/7
  2428 | D:3      | Found an opulent altar of Gozag.
  2489 | D:3      | Found a snail-covered altar of Cheibriados.
  2489 | D:3      | Found a hide-covered altar of Uskayaw.
  2497 | D:3      | Found a hazy altar of Hepliaklqana.
  2499 | D:3      | Found a shadowy altar of Dithmenos.
  2501 | D:3      | Found a stormy altar of Qazlal.
  3120 | D:4      | Reached skill level 5 in Long Blades
  3120 | D:4      | Reached XP level 5. HP: 23/38 MP: 8/8
  3700 | D:3      | Slain by a gnoll bouda

Illustrated notes

Levels and vault maps discovered:
D:1:      lightli_arrival_statuegarden, layout_basic
D:2:      layout_basic, roderic_lattice_a
D:3:      layout_loops_corners, nicolae_yredelemnul_ghost_church,
          chequers_temple_overflow_minitemple, mainiacjoe_overflow_catwalk,
          pdpol_temple_overflow_zin_treasury_gozag_greed,
          gammafunk_ghost_nasty_kobolds, shapermc_ecumenical_altar_gd
D:4:      layout_loops_corners, nicolae_sif_muna_condensation, uniq_duvessa

Skill      XL: |  1  2  3  4 |
---------------+-------------+-----
Fighting       | 2 |  2.0
Long Blades    | 3 4 5 |  5.9
Throwing       | |  0.7
Armour         | |  0.7
Dodging        | |  2.1
Spellcasting   | |  2.0
Translocations | |  2.4

Action                     |  1- 3 |  4- 6 || total
---------------------------+-------+-------++-------
  Melee: Falchion          |   134 |    98 ||   232
         Bite              |    15 |    14 ||    29
  Evoke: Wand              |       |     1 ||     1
   Stab: Sleeping          |     2 |       ||     2
 Armour: Leather armour    |    34 |    15 ||    49
  Dodge: Dodged            |    81 |    56 ||   137
